 Dungeon Crawl Stone Soup version 0.19-a0-1786-g230130f (webtiles) character file.

5576 kae the Carver (level 11, -2/89 HPs)
             Began as a Formicid Fighter on Oct 3, 2016.
             Was an Elder of Okawaru.
             Slain by a rust devil (3 damage)
             ... summoned by an orc high priest
             ... in a bailey.
             The game lasted 00:09:51 (10091 turns).

kae the Carver (Formicid Fighter)                  Turns: 10091, Time: 00:09:51

Health: -2/89      AC: 18    Str: 29    XL:     11   Next: 2%
Magic:  10/11      EV: 10    Int:  8    God:    Okawaru [****..]
Gold:   405        SH: 12    Dex: 10    Spells: 0 memorised, 10 levels left

rFire  . . .     SeeInvis +     a - +1 long sword
rCold  . . .     Gourm    +     A - +3 scale mail {MR+}
rNeg   . . .     Faith    .     c - +0 shield
rPois  .         Spirit   .     (helmet unavailable)
rElec  .         Dismiss  .     (no cloak)
rCorr  .         Reflect  .     F - +0 pair of gloves
MR     +++..     Harm     .     r - +0 pair of boots
Stlth  +.........               j - amulet of the gourmand
                                E - ring of stealth
                                e - +6 ring of protection

@: mighty, drained
A: permanent stasis, dig shafts and tunnels, four strong arms, antennae 3, magic
resistance 1, subdued magic 1
a: Dig, Shaft Self, Heroism, Renounce Religion


You were in a bailey.
You worshipped Okawaru.
Okawaru was greatly pleased with you.
You were very full.

You visited 2 branches of the dungeon, and saw 10 of its levels.
You also visited: Ossuary and Bailey.

You collected 481 gold pieces.
You spent 76 gold pieces at shops.

Inventory:

Hand Weapons
 a - a +1 long sword (weapon)
Armour
 b - a +1 scale mail
 c - a +0 shield (worn)
 r - a +0 pair of boots (worn)
 A - a +3 scale mail of magic resistance (worn)
 F - a +0 pair of gloves (worn)
 P - a +2 chain mail of poison resistance
Jewellery
 e - a +6 ring of protection (left hand)
 j - an amulet of the gourmand (around neck)
 s - an uncursed amulet of faith
 v - an uncursed ring of protection from cold
 C - an uncursed ring of fire
 E - a ring of stealth (right hand)
 J - an uncursed ring of wizardry
Wands
 u - a wand of acid (8/15)
 D - a wand of lightning (8/15)
 M - a wand of paralysis (15/24)
 N - a wand of random effects (32/48)
 O - a wand of polymorph (11/24)
Scrolls
 g - 3 scrolls of noise
 h - 4 scrolls of immolation
 m - 7 scrolls of remove curse
 p - 2 scrolls of identify
 w - a scroll of amnesia
 y - 3 scrolls of fog
 G - 2 scrolls of recharging
 H - a scroll of enchant weapon
Potions
 d - 3 potions of might
 i - 2 potions of ambrosia
 k - 7 potions of curing
 l - 4 potions of flight
 q - 2 potions of cancellation
 t - 2 potions of magic
 x - 2 potions of cure mutation
 B - a potion of invisibility
Books
 K - a book of Cantrips

   Spells                             Type                      Level
   a - Confusing Touch                Hexes                        1
   b - Animate Skeleton               Necromancy                   1
   c - Summon Small Mammal            Summoning                    1
   d - Apportation                    Translocation                1
Comestibles
 f - 3 bread rations
 n - 5 meat rations
 z - 2 slices of pizza
 I - 2 royal jellies


   Skills:
 + Level 9.1(9.0) Fighting
 * Level 11.2(11.0) Long Blades
 - Level 3.2(3.1) Armour
 + Level 10.0(9.9) Shields
 + Level 1.2(1.0) Invocations


You had 10 spell levels left.
You didn't know any spells.

Dungeon Overview and Level Annotations

Branches:
Dungeon (9/15)             Temple (1/1) D:4
   Lair: D:8-11         Orc: D:9-12

Altars:
Ashenzari
Cheibriados
Dithmenos
Elyvilon
Fedhas
Gozag
Hepliaklqana
Kikubaaqudgha
Makhleb
Nemelex Xobeh
Okawaru
Qazlal
Ru
Sif Muna
Trog
Uskayaw
Vehumet
Xom
Yredelemnul
Zin
The Shining One

Shops:
D:5 [*   D:7 :


Innate Abilities, Weirdness & Mutations

You are under a permanent stasis effect.
You can dig through walls and to a lower floor.
Your four strong arms can wield two-handed weapons with a shield.
You have a pair of large antennae on your head. (SInv)
You are resistant to hostile enchantments. (MR+)
Your spells are a little easier to cast, but a little less powerful.


Message History

You barely miss the orc high priest.
The orc high priest is heavily wounded.
You block the sun demon's attack. The soul eater hits you!
* * * LOW HITPOINT WARNING * * *
Unknown command.
You slash the orc high priest!
The orc high priest is severely wounded.
The orc high priest hits you but does no damage.
You block the sun demon's attack.
The soul eater draws from the surrounding life force!
* * * LOW HITPOINT WARNING * * *
Unknown command.
You slash the orc high priest!
The orc high priest is severely wounded.
The sun demon hits you.
* * * LOW HITPOINT WARNING * * *
You are engulfed in flames!
* * * LOW HITPOINT WARNING * * *
You block the orc high priest's attack. The rust devil hits you.
You die...

#.8o### #.....#######
#.8...#.....#
#.....#.....#
####..#..⌠..# #..'.....+
#..{.....+ {
#####'''##### {
#.@4gg......# {
######33oo...≈≈≈≈######
≈≈≈≈≈≈≈≈≈≈≈...≈≈≈≈≈≈≈≈≈≈
≈≈≈≈≈≈≈≈≈≈≈...≈≈≈≈≈≈≈≈≈≈
≈≈≈≈≈≈≈≈≈≈≈...≈≈≈≈≈≈≈≈≈≈
≈≈≈≈≈≈≈≈≈≈≈...≈≈≈≈≈≈≈≈≈≈
≈≈≈≈≈≈≈≈.........≈≈≈≈≈≈≈
#########.......########
#.......#


You could see a soul eater, an orc high priest, a sun demon, a rust devil, an
orc warrior, a gnoll and a hobgoblin.

Vanquished Creatures
  An orc sorcerer (Bailey)
  Sigmund (D:2)
  2 wraiths (D:7)
  A wyvern (D:4)
  2 hungry ghosts
  2 ice beasts (D:8)
  5 orc warriors
  A phantom (D:6)
  3 sky beasts
  3 necrophages (D:7)
  5 ogres
  3 centaurs
  A crocodile (D:8)
  A big kobold (D:8)
  4 bullfrogs
  2 elf skeletons (D:5)
  A troll zombie (D:7)
  2 scorpions
  5 killer bees (D:8)
  An electric eel (Bailey)
  A troll skeleton (D:7)
  4 crimson imps
  A centaur zombie (Ossuary)
  2 bullfrog zombies
  6 hounds
  2 jellies
  6 orc wizards
  4 human zombies
  3 orc priests
  2 bullfrog skeletons
  An iguana (D:5)
  2 human skeletons (D:5)
  Ijyb (D:3)
  5 worker ants
  An ogre zombie (D:7)
  4 mummies
  2 hound skeletons
  4 gnolls (D:8)
  3 adders
  3 shadow imps
  An ooze (D:3)
  An adder zombie (D:9)
  An adder skeleton (D:6)
  3 dart slugs
  4 leopard geckos
  23 orcs
  7 giant cockroaches
  A gnoll zombie (Ossuary)
  4 hobgoblins
  7 jackals
  3 quokkas
  2 ball pythons
  5 bats
  5 frilled lizards
  6 goblins
  A goblin zombie (Ossuary)
  A hobgoblin zombie (Ossuary)
  A jackal zombie (D:8)
  9 kobolds
  2 kobold zombies (Ossuary)
  3 orc zombies
  4 rats
197 creatures vanquished.

Notes
Turn   | Place    | Note
-------+----------+-------------------------------------------
     0 | D:1      | kae the Formicid Fighter began the quest for the Orb.
     0 | D:1      | Reached XP level 1. HP: 18/18 MP: 1/1
   429 | D:1      | Reached XP level 2. HP: 13/24 MP: 2/2
  1021 | D:1      | Reached XP level 3. HP: 27/30 MP: 3/3
  1461 | D:2      | Noticed Sigmund
  1473 | D:2      | Killed Sigmund
  1473 | D:2      | Reached skill level 4 in Long Blades
  1473 | D:2      | Reached XP level 4. HP: 29/38 MP: 4/4
  1473 | D:2      | Reached XP level 5. HP: 33/43 MP: 5/5
  1640 | D:2      | Found a sparkling altar of Nemelex Xobeh.
  1696 | D:2      | Reached XP level 6. HP: 48/49 MP: 6/6
  1906 | D:2      | Found a glowing silver altar of Zin.
  1906 | D:2      | Found a shadowy altar of Dithmenos.
  2714 | D:3      | Noticed Ijyb
  2723 | D:3      | Killed Ijyb
  2723 | D:3      | Reached skill level 5 in Shields
  2803 | D:3      | Found a snail-covered altar of Cheibriados.
  3512 | D:4      | Reached skill level 5 in Long Blades
  3513 | D:4      | Reached XP level 7. HP: 55/55 MP: 7/7
  3568 | D:4      | Reached skill level 5 in Fighting
  3591 | D:4      | Noticed a wyvern
  3604 | D:4      | Gained mutation: You are resistant to hostile enchantments. (MR+) [potion of mutation]
  3604 | D:4      | Gained mutation: Your spells are a little easier to cast, but a little less powerful. [potion of mutation]
  3615 | D:4      | HP: 2/56 [wyvern (11)]
  3620 | D:4      | HP: 2/56 [wyvern (2)]
  3621 | D:4      | Killed a wyvern
  3971 | D:4      | Found a sparkling altar of Nemelex Xobeh.
  4035 | D:4      | Found a staircase to the Ecumenical Temple.
  4093 | Temple   | Entered the Ecumenical Temple
  4233 | Temple   | Became a worshipper of Warmaster Okawaru
  4351 | D:4      | Found a white marble altar of Elyvilon.
  4572 | D:5      | Entered Level 5 of the Dungeon
  4642 | D:5      | Reached skill level 6 in Long Blades
  4674 | D:5      | Reached XP level 8. HP: 55/63 MP: 8/8
  4699 | D:5      | Found a sand-covered staircase.
  4726 | Ossuary  | Entered an ossuary
  5164 | D:5      | Reached * piety under Okawaru
  5168 | D:5      | Reached skill level 7 in Long Blades
  5317 | D:5      | Found Reenk's Elemental Accessories.
  5348 | D:5      | Found a stormy altar of Qazlal.
  5635 | D:5      | Found Xois's Antique Armour Emporium.
  5777 | D:5      | Bought a runed scale mail for 76 gold pieces
  5860 | D:6      | Found a blossoming altar of Fedhas.
  5924 | D:6      | Reached XP level 9. HP: 43/71 MP: 9/9
  6402 | D:6      | Reached skill level 8 in Long Blades
  6682 | D:6      | Reached ** piety under Okawaru
  7644 | D:7      | Found Hozoh's Book Boutique.
  7699 | D:7      | Found a basalt altar of Yredelemnul.
  7708 | D:7      | Reached skill level 9 in Long Blades
  7925 | D:7      | Reached XP level 10. HP: 71/80 MP: 10/10
  8049 | D:7      | Reached *** piety under Okawaru
  8230 | D:7      | Reached skill level 10 in Long Blades
  9470 | D:9      | Reached **** piety under Okawaru
  9781 | D:9      | Found a flagged portal.
  9826 | Bailey   | Entered a bailey
 10024 | Bailey   | Reached skill level 11 in Long Blades
 10053 | Bailey   | Found an iron altar of Okawaru.
 10053 | Bailey   | Noticed an orc high priest
 10053 | Bailey   | Noticed an orc sorcerer
 10080 | Bailey   | Noticed a sun demon
 10080 | Bailey   | Noticed a rust devil
 10083 | Bailey   | Noticed a soul eater
 10086 | Bailey   | Noticed an orange demon
 10086 | Bailey   | Killed an orc sorcerer
 10086 | Bailey   | Reached skill level 10 in Shields
 10086 | Bailey   | Reached skill level 1 in Invocations
 10086 | Bailey   | Reached XP level 11. HP: 51/89 MP: 9/11
 10091 | Bailey   | HP: 1/89 [sun demon[an orc high priest] (11)]
 10091 | Bailey   | Slain by a rust devil

Vault maps used:
D:1:      dpeg_arrival_leaves_temple_mockup, minmay_cupped
D:2:      nemelex_altar_shiori, gammafunk_temple_overflow_elements, uniq_sigmund
D:3:      first_bread, cheibriados_altar_1, uniq_iyjb
D:4:      elyvilon_altar_4, nemelex_spade_bored_becter
D:5:      grunt_qazlal_sundering, nicolae_ossuary_entry_catacombs, serial_shops,
          nicolae_shop_statue_plus, nicolae_elemental_shop
D:6:      lemuel_doored_altar, st_stairs_5, kennysheep_generic_room_13
D:7:      lemuel_mausoleum_altar_yredelemnul, serial_shops,
          nicolae_shop_temple_entry_statues_fountains
D:9:      kennysheep_six_static_rooms, enter_bailey_8
Temple:   dshaligram_water_room_temple
Ossuary:  ossuary_crypta
Bailey:   bailey_axe_of_yendor_kennysheep, bailey

Skill      XL: |  1  2  3  4  5  6  7  8  9 10 |
---------------+-------------------------------+-----
Fighting       | 4 5 6 7 9 |  9.1
Long Blades    | 4 5 6 7 9 11 | 11.2
Shields        | 4 5 6 7 8 10 | 10.0
Invocations    | 1 |  1.2
Armour         | |  3.2

Action                   |  1- 3 |  4- 6 |  7- 9 | 10-12 || total
-------------------------+-------+-------+-------+-------++-------
Melee: Long sword        |    73 |   105 |   550 |   332 ||  1060
Invok: Heroism           |       |       |       |     3 ||     3
 Abil: Dig               |       |     1 |     2 |     3 ||     6
  Use: Scroll            |     5 |     2 |     7 |     7 ||    21
       Potion            |       |       |     6 |     3 ||     9
  Eat: Chunk             |     1 |     6 |    18 |    19 ||    44
       Pizza             |       |     1 |       |       ||     1
       Bread ration      |       |       |     1 |     1 ||     2
Armor: Scale mail        |    32 |    58 |   159 |    92 ||   341
Dodge: Dodged            |    24 |    37 |   118 |    68 ||   247
Block: Shield            |    28 |    62 |   248 |   157 ||   495
       Rpst.: Long sword |     9 |     8 |    29 |    24 ||    70
